Map: Kimeran Refuge

Players

HAGE

  • Race: Terran Terran
  • Spawn Location: 6:00

Orgismenos

  • Race: Protoss Protoss
  • League: Bronze
  • Spawn Location: 6:00

unloyal

  • Race: Terran Terran
  • Spawn Location: 5:00

CAR

  • Race: Terran Terran
  • Spawn Location: 7:00

Hindulaatti - Winner!

  • Race: Protoss Protoss
  • League: Diamond
  • Spawn Location: 11:00

JohnMcClane - Winner!

  • Race: Protoss Protoss
  • League: Silver
  • Spawn Location: 1:00

BLFG - Winner!

  • Race: Protoss Protoss
  • Spawn Location: 12:00

JackONeill - Winner!

  • Race: Zerg Zerg
  • Spawn Location: 12:00

VOD

Have the link to the VOD?

Description

Time

  • Played on: Jan. 13, 2016, 11:44 a.m.
  • Length: 11:30
Show
View Real Time Build Order
Export as new Build Order

HAGE Terran 

Build Orders:  

Get SALT Encoding   

  12  0:08  Refinery  
  12  0:26  SCV  
  12  0:28  Supply Depot  
  13  0:51  Barracks  
  13  0:58  SCV, Barracks  
  14  1:39  Orbital Command  
  14  1:40  Reaper  
  14  1:47  Barracks Reactor  
  15  1:55  Refinery  
  15  2:12  Reaper  
  16  2:23  Reaper x2  
  18  2:44  Reaper  
  19  2:55  Reaper x2  
  21  3:21  Reaper  
  22  3:27  Reaper  
  22  3:55  Marine x2  
  21  4:01  Command Center  
  23  4:52  Marine  
  17  5:29  Factory  
  17  5:33  Factory  
  17  5:37  SCV  
  18  5:45  Marine x3  
  20  6:03  Marine x2  
  22  6:13  Factory Tech Lab  
  22  6:16  Engineering Bay  
  22  6:17  Factory Tech Lab  
  22  6:18  Supply Depot  
  22  6:22  SCV  
  23  6:31  Siege Tank  
  26  6:36  Siege Tank  
  28  7:03  Siege Tank  
  30  7:08  Siege Tank  
  26  7:32  Marine x3  
  28  7:50  Marine  
  26  7:58  Siege Tank x2  
  26  8:08  Marine x3  
  15  8:25  Marine  
  15  8:26  Marine x2  
  12  8:33  Widow Mine  
  12  8:34  Widow Mine  
  12  8:37  SCV  
  17  8:43  Marine  
  18  8:49  SCV  
  19  9:01  SCV  
  19  9:13  SCV  
  19  9:15  Widow Mine x2  
  11  9:37  SCV  
  9  9:44  Widow Mine x2  
  13  9:49  SCV  
  14  10:11  Missile Turret  
  14  10:12  Widow Mine x2  
  18  10:14  Marine  
  18  10:15  Missile Turret, Marine  
  21  10:33  Missile Turret, SCV  
  24  10:38  Missile Turret  
  24  10:41  Widow Mine x2  
  25  11:03  SCV  
Show
View Real Time Build Order
Export as new Build Order

Orgismenos Protoss 

Build Orders:  

Get SALT Encoding   

  12  0:29  Pylon  
  12  0:48  Assimilator, Probe (Chrono Boost)  
  13  0:57  Assimilator  
  13  0:59  Probe (Chrono Boost)  
  14  1:09  Probe (Chrono Boost)  
  15  1:15  Gateway  
  15  1:20  Probe (Chrono Boost)  
  16  1:30  Probe (Chrono Boost)  
  17  1:41  Probe (Chrono Boost)  
  18  2:09  Forge  
  18  2:21  Cybernetics Core  
  18  2:47  Photon Cannon  
  18  2:59  Zealot  
  20  3:26  Photon Cannon  
  20  3:42  Stalker  
  20  4:39  Stalker  
  20  4:49  Warp Gate  
  20  4:57  Pylon  
  20  5:09  Stalker  
  22  5:18  Stargate  
  22  5:57  Stalker  
  24  6:22  Probe (Chrono Boost)  
  25  6:27  Stalker (Chrono Boost)  
  25  6:32  Probe  
  28  6:44  Probe  
  31  6:54  Stalker (Chrono Boost)  
  31  7:34  Pylon  
  31  7:40  Pylon  
  31  7:42  Photon Cannon  
  31  7:45  Photon Cannon  
  31  7:51  Void Ray  
  31  7:52  Stalker (Chrono Boost), Probe  
  31  7:57  Photon Cannon  
  38  8:04  Probe (Chrono Boost)  
  39  8:15  Probe (Chrono Boost)  
  39  8:18  Stalker  
  42  8:26  Probe (Chrono Boost)  
  43  8:34  Void Ray  
  47  8:44  Probe (Chrono Boost)  
  44  8:48  Stalker  
  34  9:17  Void Ray  
Show
View Real Time Build Order
Export as new Build Order

unloyal Terran 

Build Orders:  

Get SALT Encoding   

  12  0:03  SCV  
  13  0:26  Supply Depot  
  13  0:30  SCV  
  14  0:42  SCV  
  15  0:49  Supply Depot  
  15  0:54  SCV  
  16  1:06  SCV  
  16  1:07  Refinery  
  17  1:12  Supply Depot  
  17  1:18  SCV  
  18  1:30  SCV  
  19  1:43  SCV  
  19  1:44  Barracks  
  20  1:51  Refinery  
  20  1:55  SCV  
  21  2:07  SCV  
  22  2:22  SCV  
  23  2:34  SCV  
  24  2:44  Barracks Reactor  
  24  3:23  Reaper x2  
  20  3:55  Reaper  
  20  3:56  Reaper  
  19  4:27  Reaper, Barracks  
  19  4:28  Reaper  
  19  4:30  Factory  
  21  4:59  Marine  
  22  5:00  Reaper  
  23  5:17  Marine  
  24  5:31  Marine  
  24  5:35  Marine  
  26  5:49  Marine  
  27  5:53  Marine  
  28  6:06  Refinery  
  28  6:07  Marine  
  28  6:11  Marine  
  30  6:12  Starport  
  30  6:25  Marine  
  31  6:29  Marine  
  31  6:31  Orbital Command  
  32  6:43  Marine  
  32  6:46  Marine  
  34  6:53  Starport Reactor  
  34  7:00  Marine  
  35  7:04  Marine  
  31  7:50  Viking x2  
  35  7:54  Marine x2  
  37  8:11  Marine x2  
  39  8:23  Barracks Reactor  
  39  8:49  Marine  
  39  8:51  Viking, Marine  
  39  8:52  Viking  
  21  9:07  Marine  
  21  9:08  Marine  
  23  9:11  Marine  
  23  9:12  Marine  
  25  9:21  Viking  
  25  9:22  Viking  
  29  9:25  Marine  
  29  9:26  Marine  
  29  9:29  Marine x2  
  23  9:43  Marine  
  23  9:44  Marine  
Show
View Real Time Build Order
Export as new Build Order

CAR Terran 

Build Orders:  

Get SALT Encoding   

  12  0:03  SCV  
  13  0:15  SCV  
  14  0:27  SCV  
  15  0:36  Supply Depot  
  15  0:53  Refinery  
  15  0:58  SCV  
  16  1:04  Barracks  
  16  1:12  Refinery  
  16  1:14  SCV  
  17  1:27  SCV  
  18  1:42  SCV  
  19  2:01  Factory  
  19  2:06  SCV  
  20  2:08  Barracks Tech Lab  
  20  2:18  SCV  
  21  2:31  Marine  
  22  2:38  SCV  
  23  2:53  Supply Depot  
  23  2:59  Supply Depot  
  23  3:00  Supply Depot  
  23  3:11  Orbital Command  
  23  3:14  Widow Mine, Marine  
  23  3:19  Supply Depot  
  26  4:08  Siege Tank  
  29  4:11  SCV  
  29  4:14  Armory  
  29  4:20  Command Center  
  28  4:29  SCV  
  29  5:07  Thor  
  29  5:10  SCV  
  36  5:16  Barracks Tech Lab  
  36  5:17  Factory  
  36  5:25  SCV  
  37  5:43  Terran Vehicle Weapons Level 1  
  37  6:05  SCV  
  38  6:23  Refinery  
  38  6:24  SCV  
  39  6:26  Refinery  
  39  6:31  Engineering Bay  
  39  6:36  SCV  
  39  6:39  Thor  
  11  8:20  Thor  
  12  8:32  Thor  
Show
View Real Time Build Order
Export as new Build Order

Hindulaatti Protoss - Winner!

Build Orders: Mass Adepts 

Get SALT Encoding   

  12  0:01  Probe (Chrono Boost)  
  13  0:12  Probe (Chrono Boost)  
  14  0:18  Pylon  
  14  0:22  Probe (Chrono Boost)  
  15  0:36  Probe (Chrono Boost)  
  15  0:37  Gateway  
  16  0:46  Probe (Chrono Boost)  
  16  0:47  Assimilator  
  17  0:57  Probe (Chrono Boost)  
  18  1:08  Probe (Chrono Boost)  
  19  1:15  Pylon  
  20  1:18  Probe (Chrono Boost)  
  20  1:24  Cybernetics Core  
  20  1:29  Probe (Chrono Boost)  
  21  1:40  Assimilator  
  21  1:41  Probe (Chrono Boost)  
  22  1:51  Probe (Chrono Boost)  
  23  2:01  Pylon, Warp Gate  
  23  2:05  Probe (Chrono Boost)  
  24  2:09  Adept  
  26  2:16  Probe (Chrono Boost)  
  26  2:22  Pylon  
  27  2:26  Probe (Chrono Boost)  
  28  2:36  Adept  
  29  2:50  Gateway  
  29  2:53  Gateway  
  29  2:55  Nexus  
  29  3:03  Pylon  
  29  3:04  Adept  
  31  3:10  Probe (Chrono Boost)  
  32  3:21  Gateway  
  32  3:30  Mothership Core (Chrono Boost)  
  32  3:31  Adept  
  36  3:41  Adept  
  36  3:43  Adept  
  36  3:46  Pylon  
  40  3:51  Probe (Chrono Boost)  
  41  4:01  Probe (Chrono Boost)  
  42  4:11  Probe (Chrono Boost)  
  42  4:12  Probe (Chrono Boost)  
  42  4:15  Adept  
  46  4:20  Assimilator  
  46  4:22  Probe x2 (Chrono Boost)  
  48  4:27  Robotics Facility  
  48  4:41  Adept  
  48  4:42  Adept x2  
  54  4:49  Probe x2 (Chrono Boost)  
  56  4:54  Assimilator  
  56  4:59  Probe (Chrono Boost)  
  57  5:00  Probe (Chrono Boost)  
  57  5:04  Stalker  
  57  5:05  Adept  
  62  5:10  Probe x2 (Chrono Boost)  
  62  5:11  Pylon  
  64  5:21  Probe x2 (Chrono Boost)  
  66  5:29  Warp Prism  
  66  5:31  Adept x2  
  72  5:41  Adept  
  74  5:43  Probe x2 (Chrono Boost)  
  76  5:53  Probe (Chrono Boost)  
  76  5:54  Probe (Chrono Boost)  
  78  5:59  Adept x2  
  78  6:00  Adept  
  84  6:10  Warp Prism  
  86  6:24  Pylon  
  86  6:26  Pylon  
  86  6:28  Pylon  
  86  6:30  Pylon  
  86  6:42  Probe x2 (Chrono Boost)  
  86  6:45  Adept x4  
  74  7:33  Adept x4  
  74  7:37  Probe x2 (Chrono Boost)  
  74  7:41  Gateway  
  74  7:43  Gateway, Immortal  
  76  7:47  Probe x2 (Chrono Boost)  
  74  7:53  Pylon, Adept x4  
  74  7:55  Gateway  
  70  8:34  Adept x4  
  74  8:44  Gateway  
  74  8:47  Gateway  
  74  8:48  Gateway  
  74  8:51  Gateway  
  74  8:54  Gateway  
  74  8:56  Adept x6  
  74  8:57  Adept  
  72  9:19  Stalker x5  
  72  9:22  Zealot  
  72  9:23  Zealot  
  84  9:38  Probe x2 (Chrono Boost)  
  82  9:44  Adept x5  
  82  9:45  Adept x4  
  100  9:48  Probe x2 (Chrono Boost)  
  100  9:51  Immortal  
  100  9:52  Adept x2  
  108  10:06  Adept x2  
  108  10:07  Adept x2  
  116  10:30  Observer  
  116  10:32  Adept  
  116  10:33  Adept x3  
  125  10:41  Nexus  
  119  10:50  Sentry x3  
  119  10:54  Pylon  
  119  10:56  Pylon x2  
  113  11:04  Adept x2  
  113  11:05  Sentry x2  
  113  11:06  Sentry x2  
  126  11:19  Sentry x6  
  138  11:29  Stargate  
Show
View Real Time Build Order
Export as new Build Order

JohnMcClane Protoss - Winner!

Build Orders:  

Get SALT Encoding   

  12  0:01  Probe (Chrono Boost)  
  13  0:11  Probe (Chrono Boost)  
  14  0:22  Probe (Chrono Boost)  
  14  0:23  Pylon  
  15  0:44  Probe (Chrono Boost)  
  15  0:47  Gateway  
  16  0:50  Assimilator  
  16  0:56  Assimilator  
  16  0:57  Probe (Chrono Boost)  
  17  1:08  Probe (Chrono Boost)  
  19  1:18  Probe (Chrono Boost)  
  19  1:29  Probe (Chrono Boost)  
  20  1:35  Cybernetics Core  
  20  1:39  Pylon  
  20  1:45  Probe (Chrono Boost)  
  21  2:03  Probe (Chrono Boost)  
  22  2:14  Mothership Core (Chrono Boost)  
  24  2:25  Nexus  
  24  2:29  Pylon  
  24  2:32  Probe (Chrono Boost)  
  25  2:43  Pylon  
  25  2:44  Pylon  
  25  2:51  Warp Gate  
  25  2:52  Probe (Chrono Boost)  
  26  3:05  Pylon  
  25  3:20  Probe (Chrono Boost)  
  26  3:31  Probe (Chrono Boost)  
  27  3:39  Stargate  
  27  3:41  Pylon, Probe (Chrono Boost)  
  28  3:52  Probe (Chrono Boost)  
  28  3:54  Assimilator  
  29  3:58  Pylon  
  29  4:01  Assimilator  
  29  4:06  Pylon  
  29  4:08  Stargate  
  29  4:10  Stargate  
  29  4:27  Phoenix  
  24  4:52  Phoenix  
  22  5:00  Probe x2 (Chrono Boost)  
  22  5:10  Probe x2 (Chrono Boost)  
  24  5:21  Probe x2 (Chrono Boost)  
  26  5:31  Probe x2 (Chrono Boost)  
  28  5:42  Probe x2 (Chrono Boost)  
  30  5:52  Probe x2 (Chrono Boost)  
  32  5:57  Phoenix  
  32  6:02  Phoenix  
  32  6:03  Phoenix  
  38  6:17  Pylon, Probe (Chrono Boost)  
  38  6:18  Probe (Chrono Boost)  
  40  6:22  Phoenix  
  42  6:28  Probe (Chrono Boost)  
  42  6:30  Phoenix  
  45  6:42  Phoenix  
  47  6:59  Probe x2 (Chrono Boost)  
  47  7:10  Probe x2 (Chrono Boost)  
  49  7:16  Phoenix x2  
  49  7:20  Probe x2 (Chrono Boost)  
  55  7:31  Probe (Chrono Boost)  
  54  7:45  Phoenix x2  
  54  7:47  Probe (Chrono Boost)  
  54  7:48  Probe (Chrono Boost)  
  54  7:51  Pylon  
  60  8:02  Phoenix  
  60  8:05  Probe x2 (Chrono Boost)  
  64  8:10  Phoenix  
  66  8:15  Probe (Chrono Boost)  
  67  8:32  Phoenix  
  67  8:33  Phoenix, Probe x2 (Chrono Boost)  
  73  8:35  Phoenix  
  73  9:01  Pylon x2  
  73  9:14  Nexus  
  71  9:17  Assimilator  
  71  9:22  Assimilator  
  71  9:25  Pylon  
  71  9:53  Phoenix x3  
  71  9:54  Probe x2 (Chrono Boost)  
  79  10:01  Forge  
  79  10:04  Probe x2 (Chrono Boost)  
  81  10:18  Phoenix x2  
  85  10:55  Phoenix x2, Photon Cannon  
  85  10:56  Phoenix  
Show
View Real Time Build Order
Export as new Build Order

BLFG Protoss - Winner!

Build Orders:  

Get SALT Encoding   

  12  0:01  Probe (Chrono Boost)  
  13  0:12  Probe (Chrono Boost)  
  14  0:19  Pylon  
  14  0:22  Probe (Chrono Boost)  
  15  0:37  Probe (Chrono Boost)  
  16  0:43  Gateway  
  16  0:48  Probe (Chrono Boost)  
  17  0:50  Assimilator  
  17  0:53  Assimilator  
  17  0:58  Probe (Chrono Boost)  
  18  1:09  Probe (Chrono Boost)  
  19  1:11  Pylon  
  19  1:19  Probe (Chrono Boost)  
  20  1:30  Cybernetics Core  
  20  1:33  Probe (Chrono Boost)  
  21  1:40  Pylon  
  21  1:43  Probe (Chrono Boost)  
  23  1:54  Probe (Chrono Boost)  
  23  2:01  Pylon  
  23  2:05  Probe (Chrono Boost)  
  23  2:07  Warp Gate (Chrono Boost)  
  24  2:08  Stalker  
  24  2:15  Probe (Chrono Boost)  
  27  2:26  Probe (Chrono Boost)  
  28  2:37  Probe  
  28  2:38  Stalker  
  31  2:45  Nexus  
  31  2:52  Pylon  
  31  2:56  Mothership Core  
  33  3:07  Gateway  
  33  3:13  Gateway  
  33  3:23  Probe  
  34  3:35  Probe  
  34  3:38  Pylon x2  
  35  3:47  Probe  
  36  4:01  Stalker x2  
  36  4:02  Probe  
  40  4:03  Probe  
  40  4:05  Pylon  
  40  4:07  Assimilator  
  42  4:14  Probe (Chrono Boost)  
  42  4:15  Probe (Chrono Boost)  
  44  4:22  Twilight Council  
  44  4:25  Probe (Chrono Boost)  
  44  4:26  Forge, Probe (Chrono Boost)  
  46  4:36  Probe (Chrono Boost)  
  47  4:45  Stalker x3  
  53  4:47  Probe (Chrono Boost)  
  53  4:48  Probe (Chrono Boost)  
  55  4:58  Probe (Chrono Boost)  
  56  5:01  Protoss Ground Weapons Level 1  
  56  5:12  Stalker x3  
  56  5:13  Probe x2 (Chrono Boost)  
  64  5:17  Blink (Chrono Boost)  
  64  5:25  Probe x2  
  64  5:26  Pylon  
  66  5:34  Assimilator  
  66  5:38  Stalker x2  
  70  5:43  Pylon  
  70  5:45  Pylon  
  70  5:50  Templar Archives  
  70  5:53  Pylon  
  70  6:03  Nexus  
  70  6:06  Pylon  
  70  6:11  Pylon  
  70  6:15  Pylon  
  70  6:16  Psionic Storm  
  70  6:17  Photon Cannon  
  70  6:31  Probe x2  
  72  6:39  Photon Cannon  
  72  6:40  Protoss Ground Armor Level 1  
  72  6:43  Probe x2  
  74  6:49  Stalker x2  
  78  6:55  Probe  
  78  6:59  Probe  
  78  7:00  Assimilator  
  78  7:07  Probe  
  79  7:11  Probe  
  80  7:19  Probe  
  80  7:20  Probe, Charge  
  80  7:24  Probe  
  80  7:27  Stalker x3  
  87  7:31  Probe x2  
  87  7:35  Pylon  
  87  7:36  Probe  
  90  7:43  Gateway x2  
  90  7:45  Gateway  
  90  7:53  Probe x2  
  92  7:58  Assimilator  
  92  8:01  Photon Cannon  
  92  8:13  Nexus  
  92  8:15  Pylon  
  92  8:22  Forge  
  92  8:25  Pylon  
  92  8:27  Pylon  
  92  8:29  Protoss Ground Weapons Level 2 (Chrono Boost), Pylon  
  92  8:33  Probe  
  92  8:35  Probe x2  
  95  8:42  Zealot x3  
  101  8:53  Gateway  
  101  8:54  Gateway  
  101  8:57  Gateway  
  101  8:59  Gateway  
  77  9:02  Resonating Glaives  
  101  9:06  Protoss Ground Armor Level 2 (Chrono Boost)  
  101  9:11  Probe  
  101  9:12  Probe x2  
  104  9:17  Pylon  
  104  9:19  Pylon  
  104  9:20  Pylon, Zealot x2  
  104  9:21  Zealot x2  
  104  9:22  Pylon  
  113  9:24  Probe  
  107  9:39  Zealot x2  
  107  9:45  Probe x2  
  112  9:49  Assimilator  
  113  9:56  High Templar, Photon Cannon  
  113  9:57  High Templar x3, Photon Cannon  
  113  9:59  Photon Cannon  
  121  10:02  Robotics Facility  
  119  10:08  Assimilator  
  119  10:09  Zealot x5  
  119  10:10  Zealot  
  131  10:28  Archon  
  131  10:29  Archon, Probe  
  132  10:42  Zealot  
  132  10:43  Zealot x6  
  132  10:44  Zealot x3  
  132  10:48  Nexus  
  152  10:51  Pylon  
  152  10:52  Pylon  
  152  10:54  Pylon  
  152  10:55  Pylon  
  154  10:57  Pylon  
  154  10:58  Observer  
  150  11:29  Stargate  
Show
View Real Time Build Order
Export as new Build Order

JackONeill Zerg - Winner!

Build Orders: Hatch First, Lurkers 

Get SALT Encoding   

  12  0:01  Drone  
  13  0:09  Drone  
  14  0:16  Overlord  
  14  0:24  Extractor  
  14  0:25  Drone  
  15  0:34  Drone x2  
  17  0:45  Drone  
  18  1:00  Drone  
  18  1:02  Hatchery  
  18  1:15  Spawning Pool  
  18  1:17  Drone, Extractor  
  17  1:24  Drone  
  18  1:31  Drone  
  19  1:39  Drone  
  20  1:49  Overlord  
  20  2:05  Drone  
  21  2:09  Queen  
  21  2:15  Drone  
  24  2:16  Hatchery  
  24  2:19  Drone  
  24  2:26  Drone x2  
  26  2:35  Overlord  
  26  2:37  Drone  
  26  2:42  Metabolic Boost  
  27  2:51  Queen  
  27  2:53  Drone  
  27  2:54  Drone  
  27  2:58  Extractor  
  30  3:02  Drone x2  
  32  3:12  Lair  
  32  3:14  Drone x2  
  34  3:20  Overlord  
  34  3:22  Drone x2  
  34  3:26  Drone x2  
  38  3:35  Drone x2  
  38  3:36  Drone  
  41  3:41  Spore Crawler  
  40  3:48  Spore Crawler  
  40  3:49  Drone x3  
  42  3:58  Queen  
  42  4:00  Drone x3  
  47  4:05  Spore Crawler  
  46  4:13  Extractor  
  45  4:21  Infestation Pit  
  45  4:22  Drone x2  
  45  4:23  Drone  
  45  4:24  Drone x3, Hydralisk Den  
  48  4:25  Drone  
  48  4:26  Drone x2  
  48  4:30  Extractor  
  51  4:44  Zergling x8  
  51  4:45  Zergling x4  
  57  5:06  Lurker Den  
  57  5:09  Hive  
  55  5:30  Spire  
  55  5:32  Pathogen Glands  
  54  5:37  Extractor  
  54  5:38  Extractor  
  54  5:42  Drone x4  
  56  5:43  Drone x2  
  58  5:53  Overlord  
  58  5:54  Overlord x5  
  58  6:05  Overlord x2  
  58  6:14  Drone x4  
  62  6:23  Evolution Chamber x2  
  60  6:26  Drone  
  60  6:27  Drone x4  
  60  6:29  Ultralisk Cavern  
  64  6:33  Muscular Augments  
  64  6:35  Drone x3  
  67  6:50  Hydralisk x3  
  67  6:51  Hydralisk x4  
  81  6:56  Drone x3  
  81  6:57  Hatchery  
  81  6:58  Extractor  
  81  7:00  Drone x2  
  81  7:01  Drone  
  85  7:02  Drone  
  85  7:06  Zerg Ground Armor Level 1  
  87  7:15  Drone x2  
  87  7:16  Drone  
  87  7:18  Drone x4  
  93  7:26  Ultralisk  
  99  7:30  Chitinous Plating  
  99  7:45  Hydralisk  
  99  7:46  Hydralisk x5  
  111  7:53  Lurker x2  
  111  7:56  Lurker  
  111  7:57  Lurker x4  
  118  7:58  Hydralisk  
  120  8:06  Zerg Melee Weapons Level 1  
  120  8:14  Infestor  
  108  8:54  Hydralisk x4  
  108  8:55  Hydralisk x6  
  108  8:56  Hydralisk x4  
  121  9:04  Drone  
  121  9:05  Drone x5  
  121  9:06  Drone  
  121  9:08  Overlord, Extractor  
  121  9:09  Overlord x5  
  127  9:12  Zerg Ground Armor Level 2  
  127  9:26  Queen  
  129  9:31  Hydralisk x2  
  129  9:32  Hydralisk x6  
  129  9:33  Hydralisk  
  147  9:41  Overlord  
  147  9:42  Overlord x5  
  147  9:54  Greater Spire  
  147  9:55  Adrenal Glands  
  147  10:00  Lurker x2  
  149  10:47  Ultralisk  
  149  10:48  Ultralisk x4  
  179  11:07  Overlord x3  
  179  11:14  Extractor  
  179  11:16  Hatchery  
  179  11:18  Overseer x4, Extractor  
Tags
 
Add a new tag
Caveats
  • Supply blocks, unpowered buildings, or Contaminate may cause inaccurate times.
  • Supply counts are checked every 10 seconds.